 Dungeon Crawl Stone Soup version 0.22-a0-855-g415d086bb8 (webtiles) character file.

134 PikkenKukken the Ruffian (level 5, -3/47 HPs)
             Began as a Ghoul Monk on July 27, 2018.
             Slain by an orc
             ... wielding a +0 hand axe
              (4 damage)
             ... on level 3 of the Dungeon.
             The game lasted 00:05:22 (1701 turns).

PikkenKukken the Ruffian (Ghoul Monk)               Turns: 1701, Time: 00:05:23

Health: -3/47      AC:  3    Str: 15    XL:     5   Next: 17%
Magic:  4/4        EV: 12    Int:  5    God:
Gold:   94         SH:  3    Dex: 12    Spells: 4/4 levels left

rFire    . . .     SeeInvis .     - Unarmed
rCold    + . .     Gourm    .   f - +0 buckler
rNeg     + + +     Faith    .   g - +1 robe (curse)
rPois    ∞         Spirit   .   (no helmet)
rElec    .         Reflect  .   (no cloak)
rCorr    .         Harm     .   (no gloves)
MR       .....                  (no boots)
Stlth    ++........             (no amulet)
HPRegen  0.00/turn              (no ring)
MPRegen  0.09/turn              (no ring)

@: rotting
A: rotting body, claws 1, carnivore, cold resistance 1, negative energy
resistance 3, inhibited regeneration, torment resistance, unbreathing
a: no special abilities


You were on level 3 of the Dungeon.
You were not hungry.

You visited 1 branch of the dungeon, and saw 3 of its levels.

You collected 94 gold pieces.

Inventory:

Armour
 a - a +0 robe
 f - a +0 buckler (worn)
 g - a cursed +1 robe (worn)
Scrolls
 c - a scroll of enchant armour
 k - a scroll of teleportation
Potions
 d - a potion of curing
 e - 2 potions of brilliance {unknown}
 h - 3 potions of flight {unknown}
 i - 2 potions of berserk rage {unknown}
 j - a potion of agility {unknown}
Comestibles
 b - 4 rations


   Skills:
 + Level 4.4 Fighting
 + Level 3.5 Dodging
 - Level 2.3 Stealth
 + Level 0.3 Shields
 + Level 4.5 Unarmed Combat


You had 4 spell levels left.
You didn't know any spells.
Your spell library was empty.

Dungeon Overview and Level Annotations

Branches:
Dungeon (3/15)

Altars:
Xom


Innate Abilities, Weirdness & Mutations

Your body is rotting away.
You thrive on raw meat.
You are immune to poison.
You have sharp fingernails.
You are carnivorous and can eat meat at any time.
Your flesh is cold resistant. (rC+)
You are immune to negative energy. (rN+++)
You do not regenerate when monsters are visible.
You are immune to unholy pain and torment.
You can survive without breathing.


Message History

The orc hits you but does no damage.
Unknown command.
You scratch the worm.
The worm is severely wounded.
The orc hits you.
* * * LOW HITPOINT WARNING * * *
The orc barely misses you. The worm barely misses you.
Unknown command.
You claw the worm!
You kill the worm!
The orc barely misses you. The orc hits you with a hand axe.
* * * LOW HITPOINT WARNING * * *
You closely miss the orc.
The orc is moderately wounded.
The orc barely misses you. x2
Unknown command.
You scratch the orc.
You kill the orc!
The orc hits you with a hand axe.
You die...

#........ #. ...
........#..
##.....
..#....#.... ...
.. # #.##.....#
....[ #.....##.#
#.#. ##...#.....#
#... ###.......
#.)####......##..
#.†@##......#
#..###
#.#o...#...#
#.....
#...........#
#.##..
#........##..#
#.#...
#.(#..#.####.##
#...#. #. #..#.#
#.# ###.#... #
####.# #.#
#.....## #..
#.####.##### ##$
#.#....#


You could see an orc.

Vanquished Creatures
  6 adders
  An ooze (D:3)
  2 worms
  4 dart slugs
  3 leopard geckos
  4 orcs (D:3)
  3 ball pythons
  A giant cockroach (D:2)
  6 goblins
  7 hobgoblins
  3 jackals (D:2)
  A quokka (D:2)
  5 bats
  3 frilled lizards
  3 kobolds (D:1)
  5 rats
57 creatures vanquished.

Notes
Turn   | Place    | Note
-------+----------+-------------------------------------------
     0 | D:1      | PikkenKukken the Ghoul Monk began the quest for the Orb.
     0 | D:1      | Reached XP level 1. HP: 19/19 MP: 0/0
   292 | D:1      | Reached XP level 2. HP: 22/26 MP: 1/1
   568 | D:1      | Reached XP level 3. HP: 33/33 MP: 2/2
   865 | D:2      | Reached XP level 4. HP: 40/40 MP: 3/3
   999 | D:2      | Found a shimmering altar of Xom.
  1535 | D:3      | Reached XP level 5. HP: 25/47 MP: 4/4
  1698 | D:3      | HP: 2/47 [orc (3)]
  1701 | D:3      | Slain by an orc

Vault maps used:
D:1:      ebering_trefoil_3fold, st_stairs_3
D:2:      xom_teletrap_fun, first_ration
D:3:      serial_bayou_pond_b

Skill      XL: |  1  2  3 |
---------------+----------+-----
Dodging        | 3 |  3.5
Unarmed Combat | 4 |  4.5
Fighting       | 4 |  4.4
Stealth        | |  2.3
Shields        | |  0.3

Action                   |  1- 3 |  4- 6 || total
-------------------------+-------+-------++-------
Melee: Unarmed           |    87 |   111 ||   198
       Punch             |     3 |     1 ||     4
  Use: Scroll            |     4 |     2 ||     6
 Stab: Sleeping          |     2 |       ||     2
  Eat: Chunk             |    11 |     9 ||    20
Armor: Robe              |    11 |    27 ||    38
Dodge: Dodged            |    54 |    85 ||   139
Block: Buckler           |       |     9 ||     9

Table legend:
 A = Spawn XP
 B = Non-spawn XP
 C = Spawn XP percentage of total XP
 D = Spawn monster count
 E = Non-spawn monster count
 F = Spawn count percentage of total count
 G = Total turns spent on level
                    A         B        C        D         E        F      G
               +---------+---------+-------+---------+---------+-------+---------
         Total |       0 |     192 |   0.0 |       0 |      57 |   0.0 |  1701
               +---------+---------+-------+---------+---------+-------+---------
           D:1 |       0 |      46 |   0.0 |       0 |      24 |   0.0 |   739
           D:2 |       0 |      72 |   0.0 |       0 |      18 |   0.0 |   598
           D:3 |       0 |      74 |   0.0 |       0 |      15 |   0.0 |   364
               +---------+---------+-------+---------+---------+-------+---------
